 Dungeon Crawl Stone Soup version 0.31.0-32-g396128a36d (webtiles) character file.

Game seed: 6277635902198709923

315 booth the Chopper (level 6, -5/49 HPs)
             Began as a Demonspawn Monk on Mar 9, 2024.
             Slain by Grinder (7 damage)
             ... on level 3 of the Dungeon.
             The game lasted 00:14:07 (2709 turns).

booth the Chopper (Demonspawn Monk)                 Turns: 2709, Time: 00:14:08

Health: -5/49      AC:  4    Str: 14    XL:     6   Next: 19%
Magic:  6/6        EV: 13    Int: 10    God:
Gold:   20         SH:  4    Dex: 15    Spells: 5/5 levels left

rFire   . . .        e - +1 hand axe (elec)
rCold   . . .        d - orb {light}
rNeg    . . .        a - +2 robe {Will+}
rPois   .            (no helmet)
rElec   .            (no cloak)
rCorr   .            (no gloves)
SInv    .            (no boots)
Will    +....        (no amulet)
Stlth   +            (no ring)
HPRegen 0.28/turn    (no ring)
MPRegen 0.10/turn

%: no passive effects
@: attractive, glowing
A: large bone plates 1, foul stench 1, powered by pain 1, weakness stinger 2,
screaming 2
a: no special abilities


You were on level 3 of the Dungeon.
You visited 1 branch of the dungeon, and saw 3 of its levels.

You collected 76 gold pieces.
You spent 56 gold pieces at shops.

Inventory:

Hand Weapons
 e - a +1 hand axe of electrocution (weapon)
 f - a +0 mace
 q - a +1 heavy flail
Missiles
 p - a throwing net (quivered)
Armour
 a - a +2 robe of willpower (worn)
 d - an orb of light (worn)
 m - a +1 leather armour
Wands
 g - a wand of flame (15)
Scrolls
 h - a scroll of teleportation {unknown}
 i - a scroll of vulnerability {unknown}
 n - 2 scrolls of noise {unknown}
 o - a scroll of immolation {unknown}
Potions
 c - a potion of curing
 k - a potion of invisibility
 l - a potion of lignification {unknown}


   Skills:
 + Level 4.3 Fighting
 * Level 4.8 Axes
 + Level 3.9 Dodging


You had 5 spell levels left.
You didn't know any spells.
Your spell library contained the following spells:

 Spells                   Type           Power      Damage    Failure   Level
 Static Discharge         Conj/Air       0%         3-3/arc   50%         2
 Ozocubu's Armour         Ice            0%         N/A       75%         3
 Airstrike                Air            0%         2d(0-16)  98%         4
 Summon Lightning Spire   Summ/Air       0%         N/A       98%         4
 Metabolic Englaciation   Hex/Ice        0%         N/A       100%        5
 Sculpt Simulacrum        Ice/Alch       0%         N/A       100%        6


Dungeon Overview and Level Annotations

Branches:
Dungeon (3/15)

Altars:
Dithmenos

Shops:
D:2 ?

Annotations:
D:3 Grinder


Innate Abilities, Weirdness & Mutations

You are partially covered in large bone plates. (SH +4)
You may rarely emit foul miasma when damaged in melee.
You sometimes gain a little power by taking damage.
You have a tail ending in a sharp stinger.
You frequently scream uncontrollably at your foes.


Message History

Grinder hits you!
* * * LOW HITPOINT WARNING * * *
You writhe in agony.
* * * LOW HITPOINT WARNING * * *
It was a potion of attraction.
You feel attractive to monsters. Grinder gestures at you.
You resist with almost no effort.
You hit Grinder.
Grinder is lightly wounded.
Grinder hits you.
* * * LOW HITPOINT WARNING * * *
You barely miss Grinder.
Grinder is lightly wounded.
Grinder hits you but does no damage.
Aiming: Throw Flame
Press: ? - help, Q - select action, (/) - cycle Shift-Dir - straight line, f/p - Grinder
Aim: Grinder (lightly wounded, haloed, 77% to hit)
The puff of flame hits Grinder.
Grinder is lightly wounded.
Grinder hits you but does no damage.
You feel better. Grinder gestures at you. Pain shoots through your body!
* * * LOW HITPOINT WARNING * * *
You hit Grinder but do no damage.
Grinder is lightly wounded.
Grinder hits you.
* * * LOW HITPOINT WARNING * * *
You writhe in agony.
* * * LOW HITPOINT WARNING * * *
You emit a cloud of foul miasma!
Aiming: Throw Flame
Press: ? - help, Q - select action, (/) - cycle Shift-Dir - straight line, f/p - Grinder
Aim: Grinder (foul pestilence, lightly wounded, haloed, 77% to hit)
The puff of flame hits Grinder.
Grinder is moderately wounded.
Grinder hits you!
You die...
Grinder says, "Hey, I wasn't done torturing you yet!"

#.......#
###...#.#
#...#.####..#
###.........#
###.####.##
#.# #.# #.#
#@# #5#
#..?..ยง..
#########


You could see Grinder.

Vanquished Creatures
  Sigmund (D:3)
  An orc wizard (D:3)
  3 gnolls (D:3)
  4 adders
  5 orcs (D:3)
  8 endoplasms (D:1)
  2 giant cockroaches (D:2)
  6 hobgoblins
  3 jackals (D:1)
  A quokka (D:1)
  3 ball pythons
  8 bats
  8 frilled lizards
  5 goblins
  8 rats
66 creatures vanquished.

Notes
Turn   | Place    | Note
-------+----------+-------------------------------------------
     0 | D:1      | booth the Demonspawn Monk began the quest for the Orb.
     0 | D:1      | Reached XP level 1. HP: 18/18 MP: 1/1
   159 | D:1      | Gained mutation: You are partially covered in large bone
                  | plates. (SH +4) [demonic ancestry]
   159 | D:1      | Reached XP level 2. HP: 21/24 MP: 2/2
   606 | D:1      | Gained mutation: You have a small tail. [demonic ancestry]
   606 | D:1      | Reached XP level 3. HP: 27/29 MP: 3/3
  1036 | D:1      | Gained mutation: You occasionally shout uncontrollably at
                  | your foes. [potion of mutation]
  1036 | D:1      | Gained mutation: Your spells are a little easier to cast,
                  | but a little less powerful. [potion of mutation]
  1036 | D:1      | Gained mutation: You have an increased reservoir of magic.
                  | (+10% MP) [potion of mutation]
  1036 | D:1      | Gained mutation: Your flesh is heat resistant. (rF+)
                  | [potion of mutation]
  1037 | D:1      | Lost mutation: You have an increased reservoir of magic.
                  | (+10% MP) [potion of mutation]
  1037 | D:1      | Lost mutation: Your flesh is heat resistant. (rF+) [potion
                  | of mutation]
  1037 | D:1      | Lost mutation: Your spells are a little easier to cast, but
                  | a little less powerful. [potion of mutation]
  1037 | D:1      | Gained mutation: You frequently scream uncontrollably at
                  | your foes. [potion of mutation]
  1287 | D:2      | Found a shadowy altar of Dithmenos.
  1650 | D:2      | Found Jaheille's Magic Scroll Emporium.
  1676 | D:2      | Bought a scroll of identify for 28 gold pieces
  1835 | D:2      | Bought a scroll of identify for 28 gold pieces
  2183 | D:3      | Noticed Sigmund
  2184 | D:3      | Gained mutation: You sometimes gain a little power by
                  | taking damage. [demonic ancestry]
  2184 | D:3      | Reached XP level 4. HP: 35/36 MP: 4/4
  2206 | D:3      | Killed Sigmund
  2207 | D:3      | Gained mutation: You have a tail ending in a sharp stinger.
                  | [demonic ancestry]
  2207 | D:3      | Reached XP level 5. HP: 16/42 MP: 5/5
  2224 | D:3      | Gained mutation: You may rarely emit foul miasma when
                  | damaged in melee. [demonic ancestry]
  2224 | D:3      | Reached XP level 6. HP: 14/48 MP: 6/6
  2649 | D:3      | Noticed Grinder
  2708 | D:3      | HP: 2/49 [Grinder (1)]
  2709 | D:3      | Slain by Grinder

Illustrated notes

Levels and vault maps discovered:
D:1:      lightli_arrival_statue_moat, layout_loops_corners
D:2:      minmay_chambers_of_ones, layout_loops_corners, basic_altar,
          serial_shops, shop_scrolls, hex_medium, minmay_close_crescents
D:3:      layout_loops_ring, kennysheep_pointless_box, uniq_grinder,
          uniq_sigmund

Skill      XL: |  1  2  3  4 |
---------------+-------------+-----
Axes           | 3 4 |  4.8
Dodging        | 3 |  3.9
Fighting       | 4 |  4.3

Action                     |  1- 3 |  4- 6 || total
---------------------------+-------+-------++-------
  Melee: Hand axe          |   141 |    35 ||   176
         Tailslap          |     5 |     5 ||    10
  Throw: Throwing net      |       |     2 ||     2
  Evoke: Wand              |       |    12 ||    12
    Use: Potion            |     4 |     4 ||     8
         Scroll            |     3 |     1 ||     4
 Armour: Robe              |    62 |    13 ||    75
         Leather armour    |     3 |    12 ||    15
  Dodge: Dodged            |    74 |    27 ||   101
